Map: [ESL] Goldenaura

Players

SKillous

  • Race: Protoss Protoss
  • Spawn Location: 12:00

MaxPax - Winner!

  • Race: Protoss Protoss
  • Spawn Location: 5:00

Event: ESL SC2 Masters 2024 Spring (Regional)

VOD

Have the link to the VOD?

Description

Time

  • Played on: April 26, 2024, 1:17 p.m.
  • Length: 11:07

All games in this series

Show
View Real Time Build Order
Export as new Build Order

SKillous Protoss 

Build Orders: Blink Stalkers 

Get SALT Encoding   

  12  0:00  Probe  
  13  0:12  Probe  
  14  0:17  Pylon  
  14  0:24  Probe  
  15  0:35  Gateway  
  15  0:36  Probe (Chrono Boost)  
  16  0:43  Assimilator  
  16  0:46  Probe (Chrono Boost)  
  17  0:53  Probe (Chrono Boost)  
  17  0:56  Assimilator  
  18  1:05  Probe (Chrono Boost)  
  18  1:08  Gateway  
  19  1:13  Probe (Chrono Boost)  
  20  1:19  Probe  
  20  1:25  Cybernetics Core  
  21  1:31  Probe  
  22  1:37  Pylon  
  22  1:43  Probe  
  23  1:56  Probe  
  24  2:01  Warp Gate  
  29  2:12  Sentry  
  26  2:19  Nexus  
  26  2:21  Sentry  
  28  2:24  Probe  
  29  2:31  Pylon  
  29  2:37  Probe  
  30  2:49  Sentry, Stalker, Probe  
  35  2:58  Shield Battery  
  35  3:01  Probe  
  35  3:04  Shield Battery  
  36  3:13  Probe  
  37  3:25  Probe (Chrono Boost)  
  37  3:26  Twilight Council  
  38  3:33  Probe (Chrono Boost)  
  40  3:35  Probe (Chrono Boost)  
  40  3:40  Probe (Chrono Boost)  
  41  3:45  Probe (Chrono Boost)  
  41  3:46  Probe  
  42  3:49  Stalker x2  
  46  3:57  Probe  
  46  3:58  Probe  
  46  4:00  Blink (Chrono Boost)  
  46  4:02  Pylon  
  48  4:09  Probe  
  44  4:11  Probe  
  44  4:15  Stalker  
  47  4:21  Probe  
  47  4:24  Probe  
  49  4:25  Robotics Facility  
  49  4:33  Probe  
  49  4:37  Probe  
  51  4:46  Nexus, Probe  
  51  4:48  Pylon  
  51  4:49  Probe  
  50  4:58  Stalker, Probe (Chrono Boost)  
  53  5:04  Stalker  
  53  5:05  Probe (Chrono Boost)  
  53  5:10  Probe (Chrono Boost)  
  53  5:12  Immortal  
  58  5:18  Shield Battery, Probe (Chrono Boost)  
  58  5:20  Probe (Chrono Boost)  
  61  5:31  Probe x2 (Chrono Boost)  
  61  5:32  Assimilator  
  62  5:39  Stalker  
  62  5:40  Probe (Chrono Boost)  
  62  5:41  Stalker  
  62  5:42  Probe (Chrono Boost)  
  68  5:46  Probe  
  69  5:50  Pylon  
  69  5:53  Pylon  
  69  6:08  Probe (Chrono Boost)  
  69  6:09  Probe (Chrono Boost)  
  69  6:11  Probe (Chrono Boost)  
  72  6:17  Immortal (Chrono Boost)  
  77  6:19  Forge  
  77  6:20  Probe (Chrono Boost)  
  77  6:22  Probe (Chrono Boost)  
  77  6:23  Pylon  
  77  6:24  Probe (Chrono Boost)  
  77  6:25  Gateway x2  
  79  6:26  Probe (Chrono Boost)  
  79  6:27  Probe (Chrono Boost)  
  79  6:31  Probe  
  81  6:34  Probe  
  81  6:35  Stalker  
  81  6:37  Probe  
  85  6:43  Probe  
  86  6:50  Probe (Chrono Boost)  
  86  6:51  Immortal (Chrono Boost)  
  86  6:53  Protoss Ground Weapons Level 1 (Chrono Boost)  
  91  6:56  Probe (Chrono Boost)  
  91  7:00  Charge  
  92  7:01  Probe (Chrono Boost)  
  92  7:08  Stalker x2  
  92  7:10  Probe x3 (Chrono Boost)  
  95  7:21  Probe (Chrono Boost)  
  98  7:24  Observer, Nexus  
  98  7:27  Probe (Chrono Boost)  
  98  7:28  Probe (Chrono Boost)  
  98  7:31  Probe (Chrono Boost)  
  98  7:36  Probe x2  
  98  7:39  Probe  
  98  7:44  Observer, Gateway  
  98  7:45  Pylon, Gateway  
  98  7:48  Gateway x2  
  96  7:52  Stalker x2  
  96  7:53  Pylon  
  100  7:58  Probe  
  100  8:01  Observer  
  100  8:03  Pylon x2  
  100  8:05  Pylon  
  102  8:11  Probe  
  103  8:13  Probe x2  
  103  8:17  Nexus  
  103  8:18  Pylon  
  105  8:21  Observer, Gateway x2  
  105  8:22  Stalker x3  
  105  8:23  Stalker  
  114  8:30  Photon Cannon, Probe x2  
  114  8:32  Probe  
  114  8:33  Assimilator  
  117  8:39  Observer  
  117  8:40  Shield Battery  
  117  8:41  Protoss Ground Weapons Level 2 (Chrono Boost)  
  117  8:46  Stalker x2  
  119  8:52  Probe  
  119  8:55  Zealot x5  
  130  8:59  Stalker  
  126  9:13  Probe  
  126  9:14  Zealot x2  
  126  9:15  Stalker x4  
  121  9:26  Stalker  
  119  9:35  Stalker  
  119  9:36  Stalker  
  118  9:43  Probe  
  118  9:45  Observer  
  119  9:46  Probe x3  
  119  9:52  Warp Prism (Chrono Boost)  
  122  9:54  Stalker x4  
  122  9:58  Photon Cannon  
  132  10:01  Photon Cannon  
  132  10:03  Pylon  
  132  10:08  Stalker x3  
  138  10:15  Forge  
  138  10:16  Pylon  
  138  10:24  Stalker x4  
  138  10:27  Zealot x2  
  141  10:37  Zealot x4  
  141  10:38  Observer  
  141  10:45  Photon Cannon  
  141  10:48  Zealot x3  
  132  11:02  Nexus  
Show
View Real Time Build Order
Export as new Build Order

MaxPax Protoss - Winner!

Build Orders: Oracle Opening 

Get SALT Encoding   

  12  0:00  Probe  
  13  0:12  Probe  
  14  0:17  Pylon  
  14  0:24  Probe (Chrono Boost)  
  15  0:36  Probe (Chrono Boost), Gateway  
  16  0:44  Probe (Chrono Boost)  
  16  0:46  Assimilator  
  17  0:51  Probe  
  17  0:54  Assimilator  
  18  1:03  Probe (Chrono Boost)  
  19  1:05  Pylon  
  19  1:12  Probe (Chrono Boost)  
  19  1:17  Probe (Chrono Boost)  
  20  1:23  Cybernetics Core  
  21  1:29  Probe  
  22  1:33  Zealot  
  24  1:41  Probe  
  25  1:53  Probe  
  26  1:59  Stargate  
  26  2:00  Adept  
  28  2:12  Warp Gate  
  28  2:26  Nexus  
  28  2:33  Pylon  
  28  2:40  Oracle (Chrono Boost)  
  31  2:51  Probe  
  32  3:03  Probe  
  33  3:10  Oracle (Chrono Boost)  
  36  3:15  Probe  
  35  3:25  Twilight Council, Gateway  
  35  3:27  Probe  
  36  3:39  Probe (Chrono Boost)  
  37  3:45  Probe (Chrono Boost)  
  38  3:52  Gateway  
  39  3:57  Probe x2 (Chrono Boost)  
  38  4:02  Probe (Chrono Boost)  
  38  4:04  Blink (Chrono Boost), Probe (Chrono Boost)  
  40  4:12  Probe  
  40  4:15  Shield Battery  
  40  4:16  Probe  
  42  4:19  Adept x2  
  42  4:23  Pylon  
  42  4:24  Probe  
  47  4:28  Probe  
  48  4:36  Probe  
  48  4:37  Pylon  
  49  4:40  Probe  
  49  4:45  Stalker x2  
  52  4:48  Probe  
  52  4:52  Probe  
  56  4:56  Stalker  
  56  5:08  Nexus  
  56  5:09  Probe  
  56  5:10  Probe  
  56  5:20  Stalker x3  
  62  5:23  Assimilator, Probe x2  
  62  5:27  Pylon  
  64  5:35  Probe  
  65  5:38  Probe  
  65  5:42  Forge  
  66  5:47  Stalker x3, Probe  
  73  5:50  Probe  
  74  5:59  Probe  
  73  6:05  Probe (Chrono Boost)  
  74  6:16  Probe (Chrono Boost)  
  74  6:18  Stalker, Protoss Ground Weapons Level 1 (Chrono Boost), Probe (Chrono Boost)  
  78  6:22  Gateway  
  78  6:25  Stalker x2, Probe (Chrono Boost), Gateway  
  84  6:26  Probe x2 (Chrono Boost), Gateway  
  85  6:35  Probe  
  85  6:36  Probe  
  85  6:37  Probe  
  85  6:38  Assimilator  
  88  6:40  Robotics Facility  
  88  6:43  Pylon  
  88  6:47  Probe  
  88  6:53  Probe  
  88  6:55  Stalker x2  
  88  6:56  Probe  
  88  7:01  Pylon  
  93  7:04  Charge (Chrono Boost)  
  93  7:17  Gateway  
  93  7:18  Nexus  
  93  7:20  Pylon  
  93  7:21  Gateway  
  93  7:22  Stalker x4  
  93  7:40  Stalker x2  
  93  7:41  Probe x2  
  99  7:47  Probe  
  100  7:57  Observer (Chrono Boost), Stalker x4  
  105  7:58  Probe  
  105  8:05  Photon Cannon  
  107  8:06  Pylon  
  107  8:10  Stalker x2  
  107  8:11  Probe  
  112  8:16  Gateway  
  112  8:17  Probe  
  113  8:21  Zealot, Protoss Ground Weapons Level 2 (Chrono Boost), Photon Cannon, Shield Battery  
  113  8:22  Zealot, Gateway  
  113  8:23  Pylon  
  113  8:24  Pylon  
  113  8:25  Zealot x2  
  121  8:27  Zealot  
  121  8:30  Dark Shrine  
  121  8:32  Probe  
  121  8:34  Zealot  
  126  8:39  Probe x2  
  126  8:41  Assimilator  
  128  8:43  Pylon, Assimilator  
  128  8:46  Warp Prism (Chrono Boost)  
  130  9:02  Stalker x5  
  130  9:18  Probe  
  130  9:22  Stalker x5  
  130  9:24  Probe x3  
  142  9:26  Observer  
  142  9:30  Probe  
  139  9:33  Pylon  
  139  9:35  Stalker x3, Nexus  
  139  9:36  Probe x2  
  143  9:41  Probe  
  143  9:42  Zealot  
  143  9:46  Zealot x2  
  143  9:47  Zealot x2  
  143  9:48  Probe  
  143  9:50  Stalker x2  
  143  9:52  Probe  
  157  9:56  Forge  
  157  9:58  Probe  
  157  9:59  Pylon  
  158  10:00  Zealot  
  160  10:11  Dark Templar x3  
  160  10:12  Zealot x2  
  170  10:17  Zealot x3  
  176  10:21  Zealot x2  
  172  10:39  Zealot  
  172  10:40  Zealot x4  
  178  10:46  Zealot x2  
  178  10:49  Zealot x3  
  182  11:03  Photon Cannon  
  182  11:05  Shield Battery  
Tags
 
Add a new tag
Caveats
  • Supply blocks, unpowered buildings, or Contaminate may cause inaccurate times.
  • Supply counts are checked every 10 seconds.